 Dungeon Crawl Stone Soup version bcrawl-1.19.1 (webtiles) character file.

Game seed: 11178484236135567325

1486 MisterOstroum the Destroyer (level 8, -8/55 HPs)
             Began as a Fairy Conjurer on Nov 22, 2019.
             Mangled by a centaur
             ... wielding a +0 spear
              (11 damage)
             ... on level 6 of the Dungeon.
             The game lasted 00:07:56 (4915 turns).

MisterOstroum the Destroyer (Fairy Conjurer)        Turns: 4915, Time: 00:07:56

Health: -8/55      AC:  6    Str:  6    XL:     8   Next: 80%
Magic:  1/14       EV: 17    Int: 21    God:
Gold:   160        SH: 12    Dex: 13    Spells: 3/12 levels left

rFire    x . .     SeeInvis .   r - +2 dagger (elec)
rCold    + . .     Gourm    .   a - +0 buckler
rNeg     . . .     Faith    .   (armour unavailable)
rPois    .         Spirit   .   o - +0 helmet
rElec    .         Reflect  .   (no cloak)
rCorr    .         Harm     .   (no gloves)
MR       .....                  (no boots)
Stlth    +.........             k - amulet of the acrobat
HPRegen  0.18/turn              t - ring of ice
MPRegen  0.14/turn              (no ring)

@: about to teleport, flying evasively
A: small, magic attunement, unstealthy, unfitting armour, able to fly, AC/SH +5
a: Stop Flying


You were on level 6 of the Dungeon.
You were not hungry.

You visited 1 branch of the dungeon, and saw 7 of its levels.

You collected 160 gold pieces.

Inventory:

Hand Weapons
 r - a +2 dagger of electrocution (weapon)
 B - the +6 whip of Yfoohuh {pain, rC+ Int+6, unknown}
   (You found it on level 4 of the Dungeon)

   In the hands of one skilled in necromantic magic, it inflicts extra damage on
   living creatures.
   It affects your intelligence (+6).
   It protects you from cold.
Missiles
 g - 832 stones (quivered)
 q - 83 poisoned tomahawks
Armour
 a - a +0 buckler (worn)
 o - a +0 helmet (worn)
 v - a +0 shield
Jewellery
 h - an uncursed amulet of faith
 k - an amulet of the acrobat (around neck)
 t - a ring of ice (left hand)
Scrolls
 c - a scroll of teleportation
 d - 3 scrolls of blinking
 l - 2 scrolls of enchant weapon {unknown}
 m - 2 scrolls of immolation
 n - a scroll of fear {unknown}
 y - a scroll of amnesia {unknown}
 A - a scroll of remove curse {unknown}
 E - a scroll of enchant armour {unknown}
 F - a scroll of noise {unknown}
Potions
 i - 2 potions of lignification
 j - a potion of flight
 s - a potion of heal wounds {unknown}
 u - a potion of resistance {unknown}
 w - a potion of brilliance
 x - a potion of ambrosia
 z - a potion of cancellation {unknown}
 C - a potion of mutation {unknown}
Comestibles
 e - 16 rations {!d}


   Skills:
 - Level 5.0 Fighting
 + Level 2.8 Dodging
 - Level 1.5 Stealth
 - Level 5.6 Shields
 + Level 2.8 Spellcasting
 * Level 10.1 Conjurations
 + Level 0.2 Transmutations


You had 3 spell levels left.
You knew the following spells:

 Your Spells              Type           Power        Failure   Level  Hunger
a - Magic Dart            Conj           ####         1%          1    None
c - Iskenderun's Mystic   Conj           #####...     1%          3    None
d - Irradiate             Conj/Tmut      ###.......   41%         5    None

Your spell library contained the following spells:

 Spells                   Type           Power        Failure   Level  Hunger
 Flame Tongue             Conj/Fire      ###..        1%          1    None
 Searing Ray              Conj           #####.       1%          2    None
 Conjure Flame            Conj/Fire      ###.....     4%          3    None
 Flaming Arrows           Chrm/Fire      #.......     21%         2    None
 Inner Flame              Hex/Fire       N/A          38%         3    None
 Fulminant Prism          Conj/Hex       ###.......   17%         4    None
 Sticky Flame             Conj/Fire      ###.....     17%         4    None
 Fireball                 Conj/Fire      ###.......   43%         5    None


Dungeon Overview and Level Annotations

Branches:
Dungeon (7/12)
 Temple: D:4-7         Lair: D:7-9

Altars:
Ashenzari
Fedhas
Kikubaaqudgha
Nemelex Xobeh
Okawaru
Uskayaw
Beogh

Annotations:
D:5 3 runed translucent doors, sangerfol's ghost, novice FoAK


Innate Abilities, Weirdness & Mutations

Your spells do not cause hunger and MP costs are reduced by 1.
Your bright wings attract enemies. (Stealth-)
You cannot fit into any form of body armour.
Your shimmering scales are hard and can block incoming attacks. (AC +5, SH +5)
You are small and have problems with some larger weapons.
You can fly continuously.


Message History

Press: ? - help, Shift-Dir - straight line, f/p - orc
Aim: an orc The magic dart hits the orc.
You kill the orc!
The centaur closely misses you. You block the orc's attack.
The orc barely misses you.
Casting: Magic Dart (safe; 1% risk of failure)
Confirm with . or Enter, or press ? or * to list all spells.
Aiming: Magic Dart (safe; 1% risk of failure)
Press: ? - help, Shift-Dir - straight line, f - orc
Aim: an orc, wielding a +0 club The magic dart hits the orc.
The orc is severely wounded.
The centaur drinks a potion.
The centaur flickers and vanishes!
Deactivating autopickup; reactivate with Ctrl-A.
You block the orc's attack. The orc hits you with a +0 club.
The crimson imp blinks!
Casting: Magic Dart (safe; 1% risk of failure)
Confirm with . or Enter, or press ? or * to list all spells.
Aiming: Magic Dart (safe; 1% risk of failure)
Press: ? - help, Shift-Dir - straight line, f/p - orc
Aim: an orc, wielding a +0 club (severely wounded)
The magic dart hits the orc.
You kill the orc!
Something barely misses you. Something hits you! You block the orc's attack.
Casting: Magic Dart (safe; 1% risk of failure)
Confirm with . or Enter, or press ? or * to list all spells.
Okay, then.
Casting: Magic Dart (safe; 1% risk of failure)
Confirm with . or Enter, or press ? or * to list all spells.
Aiming: Iskenderun's Mystic Blast (safe; 1% risk of failure)
Press: ? - help, Shift-Dir - straight line, f - orc priest
Aim: an orc priest, wielding a +0 hand axe and wearing a +0 leather armour The orb of energy misses the orc priest.
Something hits you.
The orc priest calls down the wrath of Beogh upon you.
Pain shoots through your body! The orc completely misses you.
Casting: Iskenderun's Mystic Blast (safe; 1% risk of failure)
Confirm with . or Enter, or press ? or * to list all spells.
Aiming: Iskenderun's Mystic Blast (safe; 1% risk of failure)
Press: ? - help, Shift-Dir - straight line, f/p - orc priest
Aim: an orc priest, wielding a +0 hand axe and wearing a +0 leather armour The orb of energy hits the orc priest.
You kill the orc priest!
Something hits you but does no damage. The orc closely misses you.
Something hits you but does no damage. The orc hits you but does no damage.
Casting: Iskenderun's Mystic Blast (safe; 1% risk of failure)
Confirm with . or Enter, or press ? or * to list all spells.
Aiming: Magic Dart (safe; 1% risk of failure)
Press: ? - help, Shift-Dir - straight line, f - orc
Aim: an orc, wielding a +0 club The magic dart hits the orc.
You kill the orc!
You block the hornet zombie's attack. Something hits you.
The crimson imp spits at you.
Casting: Magic Dart (safe; 1% risk of failure)
Confirm with . or Enter, or press ? or * to list all spells.
Aiming: Magic Dart (safe; 1% risk of failure)
Press: ? - help, Shift-Dir - straight line, f - hornet zombie
Aim: a hornet zombie The magic dart hits the hornet zombie.
The hornet zombie is lightly damaged.
You block the hornet zombie's attack. Something closely misses you.
The hornet zombie misses you.
Casting: Magic Dart (safe; 1% risk of failure)
Confirm with . or Enter, or press ? or * to list all spells.
Aiming: Magic Dart (safe; 1% risk of failure)
Press: ? - help, Shift-Dir - straight line, f/p - hornet zombie
Aim: a hornet zombie (lightly damaged)
The magic dart hits the hornet zombie.
The hornet zombie is lightly damaged.
Something hits you. You block the orc's attack.
The hornet zombie barely misses you. Something hits you.
Casting: Magic Dart (safe; 1% risk of failure)
Confirm with . or Enter, or press ? or * to list all spells.
Aiming: Magic Dart (safe; 1% risk of failure)
Press: ? - help, Shift-Dir - straight line, f/p - hornet zombie
Aim: a hornet zombie (lightly damaged)
The magic dart hits the hornet zombie.
The hornet zombie is lightly damaged.
The hornet zombie hits you but does no damage.
The orc hits you with a cursed -2 club. Something hits you!
* * * LOW HITPOINT WARNING * * *
Unknown command.
As you read the scroll of teleportation, it crumbles to dust.
You feel strangely unstable. Something hits you but does no damage.
The hornet zombie hits you!
* * * LOW HITPOINT WARNING * * *
You block the orc's attack. Something barely misses you.
You block the hornet zombie's attack.
Unknown command.
Casting: Magic Dart (safe; 1% risk of failure)
Confirm with . or Enter, or press ? or * to list all spells.
Aiming: Magic Dart (safe; 1% risk of failure)
Press: ? - help, Shift-Dir - straight line, f/p - hornet zombie
Aim: a hornet zombie (lightly damaged)
The magic dart hits the hornet zombie.
The hornet zombie is lightly damaged.
Something hits you!
You die...

......... .
.....)..#
....).o.#
........#
.c.....Z#
.######5# #.# .
##.#######)##...#
......)o@Z5....#
.......###....#...
....... ######
....... .......
....... .......
......#


You could see a crimson imp, an orc and a hornet zombie.

Vanquished Creatures
  Grinder (D:6)
  A water moccasin (D:6)
  Duvessa (D:4)
  2 phantoms
  An ogre (D:4)
  A big kobold (D:5)
  Dowan (D:4)
  A howler monkey (D:3)
  A crimson imp (D:5)
  A jelly (D:4)
  3 orc priests (D:6)
  2 hounds
  An iguana (D:4)
  4 orc wizards
  3 worker ants
  A hound skeleton (D:4)
  Robin (D:2)
  7 adders
  3 gnolls (D:3)
  An ooze (D:5)
  An adder skeleton (D:6)
  5 worms
  3 leopard geckos (D:1)
  19 orcs
  4 bats
  4 giant cockroaches
  10 goblins
  4 hobgoblins
  7 jackals
  12 kobolds
  2 quokkas
  2 ball pythons
  10 frilled lizards
  A jackal zombie (D:5)
  4 rats
125 creatures vanquished.

Notes
Turn   | Place    | Note
-------+----------+-------------------------------------------
     0 | D:1      | MisterOstroum the Fairy Conjurer began the quest for the
                  | Orb.
     0 | D:1      | Reached XP level 1. HP: 11/11 MP: 6/6
    27 | D:1      | Reached skill level 5 in Conjurations
   151 | D:1      | Reached XP level 2. HP: 17/17 MP: 7/7
   497 | D:1      | Reached XP level 3. HP: 21/21 MP: 9/9
   500 | D:1      | Reached skill level 6 in Conjurations
   734 | D:2      | Learned a level 3 spell: Iskenderun's Mystic Blast
   778 | D:2      | Found a hide-covered altar of Uskayaw.
  1129 | D:2      | Reached skill level 1 in Shields
  1129 | D:2      | Reached XP level 4. HP: 27/27 MP: 7/10
  1184 | D:2      | Noticed Robin
  1230 | D:2      | Killed Robin
  1730 | D:3      | Reached skill level 1 in Fighting
  1730 | D:3      | Reached XP level 5. HP: 33/33 MP: 6/11
  1874 | D:3      | Reached skill level 7 in Conjurations
  1966 | D:3      | Found an iron altar of Okawaru.
  2368 | D:3      | Reached XP level 6. HP: 38/38 MP: 9/12
  2384 | D:3      | Found an iron altar of Okawaru.
  2448 | D:3      | Found an ancient bone altar of Kikubaaqudgha.
  2544 | D:3      | Learned a level 5 spell: Irradiate
  2636 | D:4      | Noticed a phantom
  2658 | D:4      | Killed a phantom
  2658 | D:4      | Reached skill level 8 in Conjurations
  2698 | D:4      | Noticed Duvessa
  2815 | D:4      | Reached XP level 7. HP: 45/45 MP: 10/13
  2926 | D:4      | Killed Duvessa
  2942 | D:4      | Noticed Dowan
  2971 | D:4      | Killed Dowan
  3091 | D:4      | Reached skill level 9 in Conjurations
  3360 | D:4      | Got a dazzling whip
  3667 | D:5      | Entered Level 5 of the Dungeon
  3761 | D:5      | Reached XP level 8. HP: 52/52 MP: 1/14
  4044 | D:5      | Found a runed translucent gate.
  4044 | D:5      | Identified the +6 dagger "Quleq" {pierce, rElec rN+ Dex+4}
  4044 | D:5      | Identified the +4 scale mail "Tihiat" {rElec rCorr Dex-2
                  | Stlth+}
  4044 | D:5      | Noticed sangerfol's ghost (novice FoAK)
  4045 | D:5      | Found a runed translucent gate.
  4046 | D:5      | Found a runed translucent gate.
  4052 | D:5      | Found a roughly hewn altar of Beogh.
  4131 | D:5      | Found a sparkling altar of Nemelex Xobeh.
  4299 | D:5      | Found a shattered altar of Ashenzari.
  4536 | D:6      | Noticed Grinder
  4539 | D:6      | Killed Grinder
  4539 | D:6      | Reached skill level 5 in Shields
  4543 | D:6      | Reached skill level 10 in Conjurations
  4730 | D:6      | Found a blossoming altar of Fedhas.
  4890 | D:6      | Reached skill level 5 in Fighting
  4915 | D:6      | Mangled by a centaur

Skill      XL: |  1  2  3  4  5  6  7  8 |
---------------+-------------------------+-----
Conjurations   | 5 6 7 8 9 10 | 10.1
Shields        | 1 2 3 4 5 |  5.6
Fighting       | 1 2 3 5 |  5.0
Dodging        | |  2.8
Stealth        | |  1.5
Spellcasting   | |  2.8
Transmutations | |  0.2

Action                   |  1- 3 |  4- 6 |  7- 9 || total
-------------------------+-------+-------+-------++-------
Melee: Dagger            |       |     2 |       ||     2
 Cast: Magic Dart        |    54 |    68 |    42 ||   164
       Iskenderun's Myst |     8 |    46 |    58 ||   112
       Irradiate         |       |       |     2 ||     2
  Use: Scroll            |       |       |     8 ||     8
       Potion            |       |       |     4 ||     4
  Eat: Chunk             |       |     6 |     6 ||    12
Armor: Skin              |     3 |       |     5 ||     8
Dodge: Dodged            |     2 |    11 |    22 ||    35
Block: Other             |     1 |       |       ||     1
       Buckler           |     1 |    11 |    21 ||    33
